 Dungeon Crawl Stone Soup version 0.18.1-48-g4cf74bf (webtiles) character file.

37 Kisielow the Insei (level 3, 0/26 HPs)
             Began as a Merfolk Transmuter on June 26, 2016.
             Succumbed to an adder's poison
             ... on level 2 of the Dungeon.
             The game lasted 00:03:04 (947 turns).

Kisielow the Insei (Merfolk Transmuter)              Turns: 947, Time: 00:03:05

Health: 0/26       AC:  2    Str: 10    XL:     3   Next: 41%
Magic:  6/6        EV: 13    Int: 13    God:
Gold:   86         SH:  0    Dex: 14    Spells: 2 memorised, 2 levels left

rFire  . . .     SeeInvis .       - Unarmed
rCold  . . .     Gourm    .     b - +0 robe
rNeg   . . .     Faith    .     (no shield)
rPois  .         Spirit   .     (no helmet)
rElec  .         Dismiss  .     (no cloak)
rCorr  .         Reflect  .     (no gloves)
SustAt .         Harm     .     (no boots)
MR     .....                    (no amulet)
Stlth  +.........               (no ring)
                                (no ring)

@: lethally poisoned (0 -> -7), appendage (expiring), not resistant to hostile
enchantments, very unstealthy
A: change form in water, swift swim, horns 2
a: End Transformation


You were on level 2 of the Dungeon.
You were not hungry.
You had grown temporary horns.
You visited 1 branch of the dungeon, and saw 2 of its levels.

You collected 86 gold pieces.

Inventory:

Missiles
 a - 12 arrows
Armour
 b - a +0 robe (worn)
Scrolls
 h - 2 scrolls of remove curse {unknown}
 k - a scroll of amnesia {unknown}
Potions
 e - a potion of heal wounds {unknown}
 j - a potion of agility {unknown}
Books
 c - a book of Changes

   Spells                             Type                      Level
   a - Beastly Appendage              Transmutation                1
   b - Sticks to Snakes               Transmutation                2
   c - Spider Form                    Transmutation/Poison         3
   d - Ice Form                       Ice/Transmutation            4
   e - Blade Hands                    Transmutation                5
Comestibles
 d - 2 bread rations
 f - 3 fruits
 g - a slice of pizza
 i - a meat ration
 l - 2 chunks of flesh


   Skills:
 - Level 1.1 Fighting
 - Level 2.6 Dodging
 - Level 4.5 Unarmed Combat
 - Level 2.0 Spellcasting
 + Level 2.9 Transmutations
 + Level 0.7 Poison Magic


You had 2 spell levels left.
You knew the following spells:

 Your Spells              Type           Power        Failure   Level  Hunger
a - Beastly Appendage     Trmt           #.....       10%         1    ##.....
q - Spider Form           Trmt/Pois      #.........   38%         3    ####...


Dungeon Overview and Level Annotations

Branches:
Dungeon (2/15)

Altars:
Makhleb


Innate Abilities, Weirdness & Mutations

You revert to your normal form in water.
You are very nimble and swift while swimming.
You have a pair of horns on your head.


Message History

You are too injured to fight recklessly!
You are too injured to fight recklessly!
You are too injured to fight recklessly!
You are too injured to fight recklessly!
* * * LOW HITPOINT WARNING * * *
You feel sick.
* * * LOW HITPOINT WARNING * * *
You feel sick. The adder barely misses you.
You hit the adder.
You kill the adder!
You punch the worm!
The worm is heavily wounded.
* * * LOW HITPOINT WARNING * * *
You feel sick.
You hit the worm. Your headbutt misses the worm.
The worm is heavily wounded.
* * * LOW HITPOINT WARNING * * *
You feel sick. The worm bites you.
* * * LOW HITPOINT WARNING * * *
You die...

## .. # # .# .#..
.##.... .......
.......
#############.......
#.......@..w..#
#.############# #.#
#.# #.# #.#
#.########
#....)...#
#########.#


You could see a worm.

Vanquished Creatures
  An adder (D:2)
  2 dart slugs (D:1)
  3 goblins (D:1)
  5 hobgoblins
  3 jackals (D:1)
  5 bats (D:1)
  2 giant newts (D:1)
  3 rats (D:1)
24 creatures vanquished.

Notes
Turn   | Place    | Note
--------------------------------------------------------------
     0 | D:1      | Kisielow the Merfolk Transmuter began the quest for the Orb.
     0 | D:1      | Reached XP level 1. HP: 15/15 MP: 3/3
    44 | D:1      | Reached XP level 2. HP: 15/21 MP: 3/5
   149 | D:1      | Reached skill level 4 in Unarmed Combat
   604 | D:1      | Reached XP level 3. HP: 24/26 MP: 6/6
   856 | D:2      | Learned a level 3 spell: Spider Form
   883 | D:2      | Found a burning altar of Makhleb.
   945 | D:2      | HP: 1/26 [worm (3)]
   947 | D:2      | Succumbed to an adder's poison

Skill      XL: |  1  2 |
---------------+-------+-----
Unarmed Combat | 4 |  4.5
Fighting       | |  1.1
Dodging        | |  2.6
Spellcasting   | |  2.0
Transmutations | |  2.9
Poison Magic   | |  0.7

Action                   || total
-------------------------++-------
Melee: Unarmed           ||    90
       Headbutt          ||     6
       Punch             ||     1
 Cast: Beastly Appendage ||     5
 Stab: Sleeping          ||     1
Armor: Robe              ||    13
Dodge: Dodged            ||    59
